 Dungeon Crawl Stone Soup version 0.19-a0-944-gb338e1e (webtiles) character file.

219 yesno the Caller (level 5, 0/35 HPs)
             Began as a Vampire Summoner on July 10, 2016.
             Slain by Pikel
             ... wielding a +2 whip of flaming
              (9 damage)
             ... on level 4 of the Dungeon.
             The game lasted 00:26:29 (4473 turns).

yesno the Caller (Vampire Summoner)                 Turns: 4473, Time: 00:26:30

Health: 0/35       AC:  3    Str:  7    XL:     5   Next: 64%
Magic:  10/10      EV: 13    Int: 18    God:
Gold:   148        SH:  0    Dex: 15    Spells: 4 memorised, 1 level left

rFire  . . .     SeeInvis +     a - +0 dagger
rCold  + . .     Gourm    .     j - +0 robe
rNeg   + + .     Faith    .     (no shield)
rPois  +         Spirit   .     p - +0 helmet
rElec  .         Dismiss  .     (no cloak)
rCorr  .         Reflect  .     (no gloves)
SustAt .         Harm     .     (no boots)
MR     .....                    (no amulet)
Stlth  +++.......               (no ring)
                                (no ring)

@: regenerating slowly, not resistant to hostile enchantments, fairly stealthy
A: fangs 3, see invisible, unbreathing
a: Bat Form


You were on level 4 of the Dungeon.
You were thirsty.

You visited 1 branch of the dungeon, and saw 4 of its levels.

You collected 148 gold pieces.

Inventory:

Hand Weapons
 a - a +0 dagger (weapon)
 b - a +0 hunting sling
Missiles
 s - 86 stones (quivered)
Armour
 j - a +0 robe (worn)
 p - a +0 helmet (worn)
Wands
 z - a wand of confusion (17/48)
Scrolls
 d - a scroll of remove curse {unknown}
 f - a scroll of teleportation {unknown}
 h - 2 scrolls of enchant armour
 i - 2 scrolls of identify
 n - a scroll of amnesia
 t - a scroll of immolation {unknown}
 v - 2 scrolls of fear {unknown}
 w - a scroll of recharging {unknown}
 y - a scroll of magic mapping {unknown}
Potions
 c - 8 potions of blood
 e - a potion of berserk rage {unknown}
 g - a potion of mutation {unknown}
 k - 3 potions of flight {unknown}
 l - 2 potions of agility {unknown}
 m - a potion of ambrosia {unknown}
 o - a potion of cure mutation {unknown}
 q - 2 potions of magic {unknown}
 u - a potion of cancellation {unknown}
 x - a potion of invisibility {unknown}
 A - a potion of brilliance {unknown}
Books
 r - a book of Callings

   Spells                             Type                      Level
   a - Summon Small Mammal            Summoning                    1
   b - Call Imp                       Summoning                    2
   c - Call Canine Familiar           Summoning                    3
   d - Summon Guardian Golem          Hexes/Summoning              3
   e - Summon Lightning Spire         Summoning/Air                4
   f - Summon Ice Beast               Ice/Summoning                4


   Skills:
 - Level 2.1 Dodging
 + Level 4.5 Stealth
 * Level 3.5 Spellcasting
 + Level 2.6 Hexes
 * Level 5.3 Summonings


You had one spell level left.
You knew the following spells:

 Your Spells              Type           Power        Failure   Level  Hunger
a - Summon Small Mammal   Summ           ###.         1%          1    None
b - Call Imp              Summ           ###.....     2%          2    ##.....
c - Summon Guardian Gole  Hex/Summ       ###.....     12%         3    ###....
d - Summon Ice Beast      Ice/Summ       ##......     54%         4    ####...


Dungeon Overview and Level Annotations

Branches:
Dungeon (4/15)
 Temple: D:4-7

Altars:

Annotations:
D:3 1 runed door
D:4 Pikel


Innate Abilities, Weirdness & Mutations

You heal slowly.
You have razor-sharp teeth.
You have supernaturally acute eyesight. (SInv)
You can survive without breathing.


Message History

The slave barely misses you.
You hit Pikel.
Pikel is almost dead.
Pikel barely misses you. The slave misses you.
The slave hits you but does no damage. x2
Okay, then.
Okay, then.
As you read the scroll labeled PEUH LASUCWEAZAD, it crumbles to dust.
It is a scroll of identify.
h - 2 scrolls of enchant armour Pikel hits you but does no damage.
The slave hits you.
* * * LOW HITPOINT WARNING * * *
The slave closely misses you. x2
As you read the scroll labeled KINEAR OKOITH, it crumbles to dust.
It is a scroll of amnesia.
Forget which spell ([?*] list [ESC] exit)?
Forget which spell ([?*] list [ESC] exit)?
Okay, then.
Pikel hits you with a whip of flaming!
You die...

#..##..##... ...
#..############ ....
#...+..##.....##....
#...#..........p....
#...#...............
#..##..##.........#
#..##..##.<..######
#.......#...Kp#
#.......+..pp@#
#......##...p##
#......##.[...#
#.............#
#.......(....##
#.............#
#......##....##
##############


You could see Pikel and 4 slaves.

Vanquished Creatures
  Terence (D:3)
  2 adders
  A dart slug (D:3)
  2 giant geckos (D:1)
  6 bats
  2 giant cockroaches
  7 goblins
  6 hobgoblins
  3 jackals (D:3)
  A giant newt (D:2)
  4 kobolds
  9 rats
44 creatures vanquished.

Vanquished Creatures (collateral kills)
  A hound (D:4)
  Jessica (D:2)
  Natasha (twice) (D:2)
  A worker ant (D:4)
  Robin (D:1)
  4 adders
  2 oozes
  4 dart slugs
  2 bats
  2 giant cockroaches (D:1)
  9 goblins
  9 hobgoblins
  A jackal (D:1)
  A quokka (D:2)
  3 giant newts
  2 kobolds
  3 rats (D:1)
48 creatures vanquished.

Grand Total: 92 creatures vanquished

Notes
Turn   | Place    | Note
-------+----------+-------------------------------------------
     0 | D:1      | yesno the Vampire Summoner began the quest for the Orb.
     0 | D:1      | Reached XP level 1. HP: 13/13 MP: 3/3
   418 | D:1      | Reached XP level 2. HP: 17/19 MP: 3/5
   425 | D:1      | Learned a level 2 spell: Call Imp
  1149 | D:1      | Reached XP level 3. HP: 14/24 MP: 3/6
  1156 | D:1      | Learned a level 3 spell: Summon Guardian Golem
  1388 | D:2      | Noticed Robin
  1525 | D:1      | Killed Robin
  1932 | D:2      | Reached XP level 4. HP: 11/30 MP: 5/8
  2555 | D:2      | Noticed Natasha
  2560 | D:2      | Killed Natasha
  2560 | D:2      | Reached skill level 1 in Hexes
  2671 | D:2      | Noticed Jessica
  2675 | D:2      | Killed Jessica
  2675 | D:2      | Reached skill level 5 in Summonings
  2742 | D:2      | Noticed Natasha
  2853 | D:2      | Killed Natasha
  2877 | D:2      | Reached XP level 5. HP: 21/35 MP: 3/9
  3589 | D:3      | Learned a level 4 spell: Summon Ice Beast
  3730 | D:3      | Noticed Terence
  3755 | D:3      | Killed Terence
  3863 | D:3      | Found a runed door.
  4449 | D:4      | Noticed Pikel
  4456 | D:4      | Noticed a slave
  4458 | D:4      | Noticed a slave
  4459 | D:4      | Noticed a slave
  4461 | D:4      | Noticed a slave
  4473 | D:4      | Slain by Pikel

Vault maps used:
D:1:      minmay_arrival_four_houses, minmay_close_crescents
D:2:      first_bread, minmay_tetromino_t4, uniq_natasha, uniq_robin,
          uniq_jessica
D:3:      uniq_crazy_yiuf_cottage, uniq_terence
D:4:      old_forge, serial_shops, shop, uniq_eustachio, uniq_pikel

Skill      XL: |  1  2  3  4  5 |
---------------+----------------+-----
Spellcasting   | 3 |  3.5
Hexes          | 1 2 |  2.6
Summonings     | 5 |  5.3
Stealth        | 4 |  4.5
Dodging        | |  2.1

Action                   |  1- 3 |  4- 6 || total
-------------------------+-------+-------++-------
Melee: Unarmed           |    39 |       ||    39
       Bite              |    13 |    15 ||    28
       Dagger            |    89 |   164 ||   253
Throw: Stone             |       |     1 ||     1
 Cast: Summon Small Mamm |    15 |       ||    15
       Call Imp          |    22 |    22 ||    44
       Summon Guardian G |       |     3 ||     3
 Abil: End Transformatio |     1 |     2 ||     3
       Bat Form          |     1 |     2 ||     3
Evoke: Wand              |       |     4 ||     4
  Use: Potion            |     1 |     3 ||     4
       Scroll            |       |     2 ||     2
 Stab: Sleeping          |     6 |     9 ||    15
       Distracted        |     1 |     2 ||     3
       Confused          |       |     2 ||     2
Armor: Robe              |    40 |    38 ||    78
Dodge: Dodged            |    88 |   129 ||   217
